AoeStats
← rahil7

QS Arena

503237238Analyzed
1v1 RM · 2mo ago on Aug 30, 2026· 38m 19s· 2 players
Game mode
Random Map
Map size
Tiny (2 player)
Population
200
Speed
Normal
Resources
Standard
Victory
Conquest
Starting age
Dark Age
Ending age
Imperial Age
RankedLock teamsTeams togetherTeam positionsShared explorationLock speedFull tech treeHidden civsTurbo modeCheats
Victory
Defeat
🇮🇳 Khmer · India
1173
+17
vs
🇺🇸 Armenians · United States
1199
-17
rahil7
8:12 Feudal Age
12:11 Castle Age
11:14 Double-Bit Axe
11:10 Horse Collar
27:48 Light Cavalry
28:39 Bloodlines
29:44 Gold Mining
29:44 Stone Mining
31:52 Bloodlines
31:43 Husbandry
35:15 Bow Saw
TotillaTheHun
6:59 Loom
9:10 Feudal Age
9:35 Man-at-Arms
10:44 Double-Bit Axe
11:21 Scale Mail Armor
11:30 Long Swordsman
12:27 Arson
18:21 Fletching
19:18 Forging
23:00 Castle Age
23:09 Two-Handed Swordsman
25:07 Squires
27:57 Gambesons
30:07 Horse Collar
31:16 Town Watch
33:56 Wheelbarrow
35:51 Champion
Connection lost

Rejoining the realm…

Still unreachable

The connection could not be restored.

Session expired

The server has moved on; the page needs a fresh start.